 Dungeon Crawl Stone Soup version 0.27.1-1-g398f81649c (webtiles) character file.

Game seed: 8295149917634539810

31 nxtlvl the Ruffian (level 3, -2/28 HPs)
             Began as a Minotaur Transmuter on Sept 17, 2021.
             Slain by a mummy (5 damage)
             ... in an ossuary.
             The game lasted 00:02:24 (319 turns).

nxtlvl the Ruffian (Minotaur Transmuter)             Turns: 319, Time: 00:02:25

Health: -2/28      AC:  5    Str: 15    XL:     3   Next: 7%
Magic:  2/4        EV: 10    Int: 10    God:
Gold:   0          SH:  0    Dex: 10    Spells: 3/4 levels left

rFire    . . .     SeeInvis .     - Unarmed
rCold    . . .     Faith    .   (no shield)
rNeg     . . .     Spirit   .   c - +0 ring mail
rPois    .         Reflect  .   (helmet currently unavailable)
rElec    .         Harm     .   (no cloak)
rCorr    .         Rampage  .   (no gloves)
Will     .....                  (boots currently unavailable)
Stlth    ..........             (no amulet)
HPRegen  0.09/turn              (no ring)
MPRegen  0.09/turn              (no ring)

@: appendages (expiring), very slightly contaminated
A: talons 2, horns 2, retaliatory headbutt
a: End Transformation


You were in an ossuary.
You had temporarily grown beastly talons.
You visited 1 branch of the dungeon, and saw 3 of its levels.
You also visited: Ossuary.

Inventory:

Armour
 c - a +0 ring mail (worn)
Scrolls
 b - a scroll of enchant weapon {unknown}
Potions
 a - a potion of haste {unknown}


   Skills:
 - Level 1.2 Fighting
 - Level 2.1 Dodging
 * Level 4.7 Unarmed Combat
 - Level 1.3 Spellcasting
 - Level 1.5 Transmutations


You had 3 spell levels left.
You knew the following spells:

 Your Spells              Type           Power      Damage    Failure   Level
a - Beastly Appendage     Tmut           6%         N/A       34%         1

Your spell library contained the following spells:

 Spells                   Type           Power      Damage    Failure   Level
 Wereblood                Tmut           3%         N/A       47%         2
 Spider Form              Tmut/Pois      1%         N/A       82%         3
 Ice Form                 Ice/Tmut       2%         N/A       99%         4


Dungeon Overview and Level Annotations

Branches:
Dungeon (2/15)            Ossuary (1/1)

Altars:

Shops:
D:1 [


Innate Abilities, Weirdness & Mutations

You have temporarily grown beastly talons.
You have a pair of horns on your head.
You reflexively headbutt those who attack you in melee.


Message History

Casting: Beastly Appendage (safe; 34% risk of failure)
Confirm with . or Enter, or press ? or * to list all spells.
You miscast Beastly Appendage.
You are very lightly contaminated with residual magic.
Nothing appears to happen.
Casting: Beastly Appendage (safe; 34% risk of failure)
Confirm with . or Enter, or press ? or * to list all spells.
You miscast Beastly Appendage.
Nothing appears to happen.
Casting: Beastly Appendage (safe; 34% risk of failure)
Confirm with . or Enter, or press ? or * to list all spells.
Your feet morph into talons.
Your transformation is almost over.
The gnoll zombie closely misses you. You furiously retaliate!
You headbutt the gnoll zombie! You barely miss the gnoll zombie.
You claw the gnoll zombie, but do no damage.
You headbutt the gnoll zombie!
The gnoll zombie is almost destroyed.
The gnoll zombie hits you.
You hit the gnoll zombie.
You destroy the gnoll zombie!
You hit the kobold zombie. You claw the kobold zombie.
The kobold zombie is almost destroyed.
You hit the kobold zombie.
You destroy the kobold zombie!
You hit the mummy but do no damage. You headbutt the mummy.
The mummy is moderately damaged.
You hit the mummy but do no damage. You claw the mummy, but do no damage.
The mummy is moderately damaged.
The mummy closely misses you. You furiously retaliate!
You headbutt the mummy! You completely miss the mummy.
The mummy is severely damaged.
The mummy barely misses you. The mummy hits you!
* * * LOW HITPOINT WARNING * * *
You hit the mummy. Your kick misses the mummy. Your headbutt misses the mummy.
The mummy is almost destroyed.
You barely miss the mummy.
The mummy is almost destroyed.
The mummy closely misses you. The mummy hits you.
You die...

#......
#....#
#....#
#....#
#.Z..#
#....#
#....#
#..MM#
#...@#
#.∩∩.#
######


You could see 2 mummies and a gnoll zombie.

Vanquished Creatures
  A mummy (D:4)
  A ball python (D:2)
  A giant cockroach (D:2)
  A gnoll zombie (Ossuary)
  A goblin (D:1)
  A hobgoblin (D:1)
  3 jackals (D:1)
  3 bats
  A goblin zombie (D:4)
  A hobgoblin zombie (Ossuary)
  2 kobold zombies
  An orc zombie (Ossuary)
  2 rats (D:1)
19 creatures vanquished.

Notes
Turn   | Place    | Note
-------+----------+-------------------------------------------
     0 | D:1      | nxtlvl the Minotaur Transmuter began the quest for the Orb.
     0 | D:1      | Reached XP level 1. HP: 16/16 MP: 1/1
   151 | D:1      | Found Hefauh's Armour Emporium.
   160 | D:1      | Reached XP level 2. HP: 22/23 MP: 3/3
   168 | D:1      | Reached skill level 4 in Unarmed Combat
   223 | D:2      | You fall into a shaft and drop 2 floors!
   260 | D:4      | Found a sand-covered staircase.
   270 | Ossuary  | Entered an ossuary
   284 | Ossuary  | Reached XP level 3. HP: 13/28 MP: 4/4
   319 | Ossuary  | Slain by a mummy

Illustrated notes

Levels and vault maps discovered:
D:1:      heliophobic_arrival_glass_houses, layout_loops_ring, serial_shops,
          shop
D:2:      layout_basic
D:4:      layout_loops_ring, mainiacjoe_overflow_big_doors,
          nicolae_ossuary_entry_giza, minmay_misc_feat_enclosed
Ossuary:  ossuary_tomb_3

Skill      XL: |  1  2 |
---------------+-------+-----
Unarmed Combat | 4 |  4.7
Fighting       | |  1.2
Dodging        | |  2.1
Spellcasting   | |  1.3
Transmutations | |  1.5

Action                   || total
-------------------------++-------
Melee: Unarmed           ||    54
       Punch             ||     3
       Headbutt          ||     8
       Kick              ||     3
 Cast: Beastly Appendage ||     1
Armor: Ring mail         ||    26
Dodge: Dodged            ||    21
